TOP OF THE 1ST |
Danville Braves batting - Pitching for Billings Mustangs : RHP Adam McCurdy
|
Pitching: RHP Adam McCurdy
|
|
Batting: RHB Zach Hulme
|
0-0: SINGLE (Groundball, 4MS, EV 61.9 MPH) (infield hit)
|
Batting: SHB Jose Melendez
|
0-0: Ball Zach Hulme is caught stealing 2nd base 2-6 1-0: Swinging Strike 1-1: Ball 2-1: Called Strike 2-2: Ball 3-2: Foul Ball, location: 2F 3-2: Fly out, F4 (Popup, 4M, EV 49.4 MPH)
|
Batting: LHB Ben Goldstein
|
0-0: Fly out, F7 (Flyball, 7, EV 89.4 MPH)
|
Top of the 1st over - 0 runs, 1 hit, 0 errors, 0 left on base; Danville 0 - Billings 0 |
BOTTOM OF THE 1ST |
Billings Mustangs batting - Pitching for Danville Braves : RHP Justin Collins
|
Pitching: RHP Justin Collins
|
|
Batting: RHB Cyd Carver
|
0-0: Foul Ball, location: 2F 0-1: Ball 1-1: Swinging Strike 1-2: Fly out, F8 (Flyball, 8LD, EV 103.1 MPH)
|
Batting: RHB Randy Grewe
|
0-0: Ball 1-0: Ball 2-0: Called Strike 2-1: Called Strike 2-2: Ball 3-2: Ground out 5-3 (Groundball, 5S, EV 58.1 MPH)
|
Batting: LHB Chris Redhead
|
0-0: Called Strike 0-1: SOLO HOME RUN (Flyball, 9D, EV 98.1 MPH), Distance : 373 ft
|
Batting: RHB Jay Jacobson
|
0-0: Ball 1-0: Called Strike 1-1: Foul Ball, location: 2F 1-2: Hit by Pitch
|
Batting: RHB R.J. Romberg
|
0-0: Called Strike Jay Jacobson steals 2nd, throwing error, E2 Jay Jacobson to third 0-1: Foul Ball, location: 2F 0-2: Ball 1-2: Ball 2-2: Ball 3-2: Ground out 5-3 (Groundball, 56, EV 88.8 MPH)
|
Bottom of the 1st over - 1 run, 1 hit, 1 error, 1 left on base; Danville 0 - Billings 1 |
TOP OF THE 2ND |
Danville Braves batting - Pitching for Billings Mustangs : RHP Adam McCurdy
|
Batting: RHB Josh McCormick
|
0-0: Called Strike 0-1: Foul Ball, location: 2F 0-2: Foul Ball, location: 2F 0-2: Ball 1-2: Ground out 5-3 (Groundball, 5, EV 103.1 MPH)
|
Batting: LHB Ryan Murdock
|
0-0: Called Strike 0-1: Ball 1-1: Fly out, F8 (Flyball, 78D, EV 98.1 MPH)
|
Batting: RHB Brandon Burrell
|
0-0: Ball 1-0: Ground out 5-3 (Groundball, 56, EV 80.6 MPH)
|
Top of the 2nd over - 0 runs, 0 hits, 0 errors, 0 left on base; Danville 0 - Billings 1 |
BOTTOM OF THE 2ND |
Billings Mustangs batting - Pitching for Danville Braves : RHP Justin Collins
|
Batting: RHB Tim Walter
|
0-0: Ball 1-0: Called Strike 1-1: Foul Ball, location: 2F 1-2: Foul Ball, location: 2F 1-2: Reached on error, E5 (Groundball, 56S, EV 89.4 MPH)
|
Batting: LHB Jon Goddard
|
0-0: Ball 1-0: Foul Ball, location: 2F 1-1: SINGLE (Flyball, 56D, EV 86.9 MPH) Tim Walter to second
|
Batting: RHB Yutaka Sato
|
0-0: DOUBLE (Groundball, 5L, EV 96.9 MPH) Tim Walter scores Jon Goddard to third
|
Batting: LHB William Matthews
|
0-0: Ball 1-0: Called Strike 1-1: Called Strike 1-2: Strikes out swinging
|
Batting: RHB Cyd Carver
|
0-0: Foul Ball, location: 2F 0-1: Ball 1-1: Called Strike 1-2: Ball 2-2: Strikes out swinging
|
Batting: RHB Randy Grewe
|
0-0: Ball 1-0: Foul Ball, location: 2F 1-1: Foul Ball, location: 2F 1-2: Ball 2-2: Ball 3-2: Base on Balls
|
Batting: LHB Chris Redhead
|
0-0: Ball 1-0: Fly out, F8 (Flyball, 89M, EV 82.5 MPH)
|
Bottom of the 2nd over - 1 run, 2 hits, 1 error, 3 left on base; Danville 0 - Billings 2 |
TOP OF THE 3RD |
Danville Braves batting - Pitching for Billings Mustangs : RHP Adam McCurdy
|
Batting: RHB Terry Hughes
|
0-0: Called Strike 0-1: Called Strike 0-2: Strikes out swinging
|
Batting: RHB Gerard Michel
|
0-0: Ground out 5-3 (Groundball, 5, EV 90.0 MPH)
|
Batting: RHB Adrian Billups
|
0-0: Swinging Strike 0-1: Ball 1-1: Ground out 5-3 (Groundball, 5, EV 95.0 MPH)
|
Top of the 3rd over - 0 runs, 0 hits, 0 errors, 0 left on base; Danville 0 - Billings 2 |
BOTTOM OF THE 3RD |
Billings Mustangs batting - Pitching for Danville Braves : RHP Justin Collins
|
Batting: RHB Jay Jacobson
|
0-0: Ball 1-0: Ground out 6-3 (Groundball, 56, EV 88.1 MPH)
|
Batting: RHB R.J. Romberg
|
0-0: Ball 1-0: DOUBLE (Groundball, 5L, EV 101.2 MPH)
|
Batting: RHB Tim Walter
|
0-0: Called Strike 0-1: Foul Ball, location: 2F 0-2: Ball 1-2: Ground out 1-3 (Groundball, 13, EV 76.2 MPH) R.J. Romberg to third
|
Batting: LHB Jon Goddard
|
0-0: Ball 1-0: Ball 2-0: Called Strike 2-1: Ball 3-1: Ground out 6-3 (Groundball, 56, EV 90.6 MPH)
|
Bottom of the 3rd over - 0 runs, 1 hit, 0 errors, 1 left on base; Danville 0 - Billings 2 |
TOP OF THE 4TH |
Danville Braves batting - Pitching for Billings Mustangs : RHP Adam McCurdy
|
Batting: RHB Zach Hulme
|
0-0: Called Strike 0-1: Swinging Strike 0-2: Ball 1-2: Ball 2-2: Strikes out swinging
|
Batting: SHB Jose Melendez
|
0-0: Ball 1-0: Ball 2-0: Foul Ball, location: 2F 2-1: Swinging Strike 2-2: Ball 3-2: Foul Ball, location: 2F 3-2: Foul Ball, location: 2F 3-2: Foul Ball, location: 2F 3-2: Foul Ball, location: 2F 3-2: Base on Balls
|
Batting: LHB Ben Goldstein
|
0-0: Ball 1-0: Ball Jose Melendez steals 2nd base (no throw) 2-0: Foul Ball, location: 2F 2-1: SINGLE (Groundball, 34D, EV 97.5 MPH) Jose Melendez to third
|
Batting: RHB Josh McCormick
|
0-0: SINGLE (Groundball, 6MD, EV 101.9 MPH) (infield hit) Jose Melendez scores Ben Goldstein to second
|
Batting: LHB Ryan Murdock
|
0-0: Called Strike 0-1: Ball 1-1: Ball 2-1: Called Strike 2-2: Foul Ball, location: 2F 2-2: Foul Ball, location: 2F 2-2: Strikes out swinging
|
Batting: RHB Brandon Burrell
|
0-0: SINGLE (Groundball, 6MD, EV 103.1 MPH) Ben Goldstein to third Josh McCormick to second Runner from 3rd tries for Home, throw by CF and OUT! 8-2
|
Top of the 4th over - 1 run, 3 hits, 0 errors, 2 left on base; Danville 1 - Billings 2 |
BOTTOM OF THE 4TH |
Billings Mustangs batting - Pitching for Danville Braves : RHP Justin Collins
|
Batting: RHB Yutaka Sato
|
0-0: Foul Ball, location: 2F 0-1: Ball 1-1: Ground out 6-3 (Groundball, 6, EV 90.6 MPH)
|
Batting: LHB William Matthews
|
0-0: Fly out, F9 (Flyball, 9LM, EV 96.9 MPH)
|
Batting: RHB Cyd Carver
|
0-0: Called Strike 0-1: Foul Ball, location: 2F 0-2: Ball 1-2: Strikes out looking
|
Bottom of the 4th over - 0 runs, 0 hits, 0 errors, 0 left on base; Danville 1 - Billings 2 |
TOP OF THE 5TH |
Danville Braves batting - Pitching for Billings Mustangs : RHP Adam McCurdy
|
Batting: RHB Terry Hughes
|
0-0: Swinging Strike 0-1: Ball 1-1: Swinging Strike 1-2: Strikes out looking
|
Batting: RHB Gerard Michel
|
0-0: Called Strike 0-1: Ball 1-1: Called Strike 1-2: Ball 2-2: Ball 3-2: Strikes out looking
|
Batting: RHB Adrian Billups
|
0-0: Foul Ball, location: 2F 0-1: Ball 1-1: Called Strike 1-2: SINGLE (Groundball, 56D, EV 103.1 MPH)
|
Batting: RHB Zach Hulme
|
0-0: Ball 1-0: Called Strike Adrian Billups is caught stealing 2nd base 2-4
|
Top of the 5th over - 0 runs, 1 hit, 0 errors, 0 left on base; Danville 1 - Billings 2 |
BOTTOM OF THE 5TH |
Billings Mustangs batting - Pitching for Danville Braves : RHP Justin Collins
|
Batting: RHB Randy Grewe
|
0-0: Called Strike 0-1: Ball 1-1: Ground out 5-3 (Groundball, 56S, EV 63.8 MPH)
|
Batting: LHB Chris Redhead
|
0-0: Ball 1-0: Ball 2-0: Ball 3-0: Swinging Strike 3-1: Called Strike 3-2: Fly out, F9 (Flyball, 9LM, EV 88.8 MPH)
|
Batting: RHB Jay Jacobson
|
0-0: Called Strike 0-1: Ball 1-1: Ball 2-1: Called Strike 2-2: Strikes out swinging
|
Bottom of the 5th over - 0 runs, 0 hits, 0 errors, 0 left on base; Danville 1 - Billings 2 |
TOP OF THE 6TH |
Danville Braves batting - Pitching for Billings Mustangs : RHP Adam McCurdy
|
Batting: RHB Zach Hulme
|
0-0: Swinging Strike 0-1: Called Strike 0-2: Foul Ball, location: 2F 0-2: Ball 1-2: Strikes out swinging
|
Batting: SHB Jose Melendez
|
0-0: Swinging Strike 0-1: Fly out, F7 (Line Drive, 7, EV 92.5 MPH)
|
Batting: LHB Ben Goldstein
|
0-0: Ball 1-0: Foul Ball, location: 2F 1-1: Foul Ball, location: 2F 1-2: Ball 2-2: Ball 3-2: DOUBLE (Line Drive, 7D, EV 91.9 MPH)
|
Batting: RHB Josh McCormick
|
0-0: Called Strike 0-1: Foul Ball, location: 2F 0-2: DOUBLE (Flyball, 89XD, EV 100.0 MPH) Ben Goldstein scores
|
Batting: LHB Ryan Murdock
|
0-0: Ball 1-0: Called Strike 1-1: Fly out, F5 (Line Drive, 5, EV 67.5 MPH)
|
Top of the 6th over - 1 run, 2 hits, 0 errors, 1 left on base; Danville 2 - Billings 2 |
BOTTOM OF THE 6TH |
Billings Mustangs batting - Pitching for Danville Braves : RHP Justin Collins
|
Batting: RHB R.J. Romberg
|
0-0: Foul Ball, location: 2F 0-1: Ball 1-1: Ball 2-1: Foul Ball, location: 2F 2-2: Strikes out looking
|
Pitching: RHP Dan Spahn
|
|
Batting: RHB Tim Walter
|
0-0: Ball 1-0: Called Strike 1-1: SINGLE (Groundball, 56S, EV 68.1 MPH) (infield hit)
|
Batting: LHB Jon Goddard
|
0-0: Hit by Pitch Tim Walter to second
|
Batting: RHB Yutaka Sato
|
0-0: Called Strike 0-1: Ball 1-1: Ball 2-1: Foul Ball, location: 2F 2-2: Ball 3-2: Foul Ball, location: 2F 3-2: Fly out, F1 (Line Drive, P, EV 68.1 MPH) Lined into DP, 1-3 (Line Drive, P, EV 63.1 MPH)
|
Bottom of the 6th over - 0 runs, 1 hit, 0 errors, 1 left on base; Danville 2 - Billings 2 |
TOP OF THE 7TH |
Danville Braves batting - Pitching for Billings Mustangs : RHP Adam McCurdy
|
Batting: RHB Brandon Burrell
|
0-0: Ball 1-0: Ball 2-0: Called Strike 2-1: Called Strike 2-2: Foul Ball, location: 2F 2-2: Ball 3-2: Strikes out swinging
|
Batting: RHB Terry Hughes
|
0-0: Ball 1-0: Called Strike 1-1: Ball 2-1: Ball 3-1: Base on Balls
|
Pitching: RHP Kevin Larner
|
|
Batting: RHB Gerard Michel
|
0-0: Swinging Strike 0-1: Ball 1-1: Ball 2-1: Called Strike 2-2: Strikes out swinging
|
Batting: RHB Adrian Billups
|
0-0: Ground out 4-3 (Groundball, 4MS, EV 68.8 MPH)
|
Top of the 7th over - 0 runs, 0 hits, 0 errors, 1 left on base; Danville 2 - Billings 2 |
BOTTOM OF THE 7TH |
Billings Mustangs batting - Pitching for Danville Braves : RHP Dan Spahn
|
Batting: LHB William Matthews
|
0-0: Foul Ball, location: 2F 0-1: Foul Ball, location: 2F 0-2: Foul Ball, location: 2F 0-2: Ball 1-2: Ball 2-2: Foul Ball, location: 2F 2-2: Ball 3-2: Base on Balls
|
Batting: RHB Cyd Carver
|
0-0: Foul Ball, location: 2F 0-1: Called Strike 0-2: Strikes out swinging
|
Batting: RHB Randy Grewe
|
0-0: Ball 1-0: Ball 2-0: Ball 3-0: Called Strike 3-1: Fielders Choice at 2nd, 6-4 (Groundball, 56, EV 102.5 MPH)
|
Batting: LHB Chris Redhead
|
0-0: Ball Randy Grewe steals 2nd base 1-0: Fly out, F6 (Popup, 6D, EV 53.8 MPH)
|
Bottom of the 7th over - 0 runs, 0 hits, 0 errors, 1 left on base; Danville 2 - Billings 2 |
TOP OF THE 8TH |
Danville Braves batting - Pitching for Billings Mustangs : RHP Kevin Larner
|
Batting: RHB Zach Hulme
|
0-0: Foul Ball, location: 2F 0-1: Foul Ball, location: 2F 0-2: Foul Ball, location: 2F 0-2: Strikes out swinging
|
Batting: SHB Jose Melendez
|
0-0: Called Strike 0-1: Ball 1-1: DOUBLE (Groundball, 3L, EV 103.1 MPH)
|
Batting: LHB Ben Goldstein
|
0-0: Intentional Walk
|
Batting: RHB Josh McCormick
|
0-0: 3-RUN HOME RUN (Flyball, 8RXD, EV 115.0 MPH), Distance : 427 ft
|
Pitching: RHP Juan Hernandez
|
|
Batting: LHB Ryan Murdock
|
0-0: Ground out 4-3 (Groundball, 4, EV 85.6 MPH)
|
Batting: RHB Brandon Burrell
|
0-0: Foul Ball, location: 2F 0-1: Ball 1-1: Ball 2-1: DOUBLE (Flyball, 8RXD, EV 113.8 MPH)
|
Batting: RHB Terry Hughes
|
0-0: Called Strike 0-1: Called Strike 0-2: Ball 1-2: Strikes out looking and he ARGUES THE CALL AND IS TOSSED!
|
Top of the 8th over - 3 runs, 3 hits, 0 errors, 1 left on base; Danville 5 - Billings 2 |
BOTTOM OF THE 8TH |
Billings Mustangs batting - Pitching for Danville Braves : RHP Dan Spahn
|
Pitching: RHP Carlos Dominguez
|
|
Batting: RHB Jay Jacobson
|
0-0: Fly out, F9 (Flyball, 9S, EV 92.5 MPH)
|
Batting: RHB R.J. Romberg
|
0-0: Foul Ball, location: 2F 0-1: Ground out U3 (Groundball, 13, EV 87.5 MPH)
|
Batting: RHB Tim Walter
|
0-0: Ground out 6-3 (Groundball, 6, EV 100.0 MPH)
|
Bottom of the 8th over - 0 runs, 0 hits, 0 errors, 0 left on base; Danville 5 - Billings 2 |
TOP OF THE 9TH |
Danville Braves batting - Pitching for Billings Mustangs : RHP Juan Hernandez
|
Batting: RHB Gerard Michel
|
0-0: Ground out 6-3 (Groundball, 6, EV 100.0 MPH)
|
Batting: RHB Adrian Billups
|
0-0: Ball 1-0: Ball 2-0: Foul Ball, location: 2F 2-1: Foul Ball, location: 2F 2-2: SINGLE (Groundball, 4MD, EV 95.0 MPH)
|
Batting: RHB Zach Hulme
|
0-0: Called Strike Adrian Billups steals 2nd base 0-1: Ball 1-1: Ball 2-1: Fly out, F7 (Flyball, 78M, EV 88.8 MPH)
|
Batting: SHB Jose Melendez
|
0-0: Ball 1-0: Foul Ball, location: 2F 1-1: Ball 2-1: Swinging Strike 2-2: Ball 3-2: Ground out 5-3 (Groundball, 5, EV 101.9 MPH)
|
Top of the 9th over - 0 runs, 1 hit, 0 errors, 1 left on base; Danville 5 - Billings 2 |
BOTTOM OF THE 9TH |
Billings Mustangs batting - Pitching for Danville Braves : RHP Carlos Dominguez
|
Pitching: LHP John Grinter
|
|
Batting: LHB Jon Goddard
|
0-0: Ball 1-0: Foul Ball, location: 2F 1-1: Ball 2-1: Ball 3-1: SINGLE (Groundball, 4MD, EV 108.1 MPH)
|
Batting: RHB Yutaka Sato
|
0-0: Grounds into double play, 6-4-3 (Groundball, 6, EV 84.4 MPH)
|
Pinch Hitting: RHB Hector Maldonado
|
0-0: Foul Ball, location: 2F 0-1: Foul Ball, location: 2F 0-2: Ball 1-2: Foul Ball, location: 2F 1-2: Ball 2-2: Ground out 5-3 (Groundball, 56, EV 97.5 MPH)
|
Bottom of the 9th over - 0 runs, 1 hit, 0 errors, 0 left on base; Danville 5 - Billings 2 |
|